 Dungeon Crawl Stone Soup version 0.18.1-50-g88ac8fd (webtiles) character file.

197 Chiseanne the Gusty (level 5, -3/57 HPs)
             Began as a Centaur Air Elementalist on Oct 4, 2016.
             Was an Initiate of Gozag.
             Killed from afar by an orc wizard (10 damage)
             ... with a puff of flame
             ... on level 3 of the Dungeon.
             The game lasted 00:09:16 (4137 turns).

Chiseanne the Gusty (Centaur Air Elementalist)      Turns: 4137, Time: 00:09:16

Health: -3/57      AC: 22    Str: 11    XL:     5   Next: 46%
Magic:  6/9        EV:  1    Int: 15    God:    Gozag
Gold:   148        SH:  0    Dex:  9    Spells: 3 memorised, 4 levels left

rFire  . . .     SeeInvis .     a - +0 short sword (venom)
rCold  . . .     Gourm    .     (armour currently unavailable)
rNeg   + + +     Faith    .     (no shield)
rPois  +         Spirit   .     (helmet currently unavailable)
rElec  .         Dismiss  .     (cloak currently unavailable)
rCorr  .         Reflect  .     (gloves currently unavailable)
SustAt .         Harm     .     (no barding)
MR     .....     NoTele   +     (no amulet)
Stlth  +.........               (no ring)
                                (no ring)

@: confused, exhausted, tree-form, slowed, very slow, not resistant to hostile
enchantments, very unstealthy
A: (hooves 0), (deformed body), (speed 0), (tough skin 0)
a: Potion Petition, Call Merchant, Bribe Branch, Renounce Religion


You were on level 3 of the Dungeon.
You worshipped Gozag.
Gozag was noncommittal.
You were not hungry.
You were a tree.
You visited 1 branch of the dungeon, and saw 3 of its levels.

You collected 166 gold pieces.
You paid 18 gold pieces to Gozag.

Inventory:

Hand Weapons
 a - a +0 short sword of venom (weapon)
 s - a +0 mace
Missiles
 e - 56 bolts
 k - 8 javelins
 r - 42 stones (quivered)
 t - 38 arrows
Armour
 j - a +0 helmet (melded)
 n - a +0 robe (melded)
 q - a +0 cloak (melded)
Scrolls
 m - a scroll of teleportation
 u - a scroll of identify
Potions
 g - 3 potions of flight
 i - a potion of might
 p - a potion of magic {unknown}
Books
 b - a book of Air

   Spells                             Type                      Level
   a - Shock                          Conjuration/Air              1
   b - Swiftness                      Charms/Air                   2
   c - Repel Missiles                 Charms/Air                   2
   d - Static Discharge               Conjuration/Air              3
   e - Lightning Bolt                 Conjuration/Air              5
Comestibles
 c - 2 bread rations
 f - 2 meat rations


   Skills:
 - Level 1.3 Dodging
 - Level 1.2 Stealth
 * Level 3.0 Spellcasting
 * Level 2.8 Conjurations
 * Level 3.7 Air Magic


You had 4 spell levels left.
You knew the following spells:

 Your Spells              Type           Power        Failure   Level  Hunger
a - Shock                 Conj/Air       ##..         6%          1    #......
b - Static Discharge      Conj/Air       ##......     17%         3    ###....
c - Repel Missiles        Chrm/Air       #.....       14%         2    ##.....


Dungeon Overview and Level Annotations

Branches:
Dungeon (3/15)

Altars:
Dithmenos
Gozag
Qazlal
Trog


Innate Abilities, Weirdness & Mutations

((You have hooves in place of feet.))
((Armour fits poorly on your strangely shaped body.))
((You cover ground very quickly.))
((You have extremely tough skin (AC +3).))


Message History

A puff of flame appears from out of thin air!
The puff of flame hits you!
* * * LOW HITPOINT WARNING * * *
Something hits you but does no damage.
You swing at nothing.
Something hits you but does no damage. x2
You nearly hit yourself!
You feel less confused.
You hear some strange, mumbled words.
A magic dart appears from out of thin air!
The magic dart hits you!
* * * LOW HITPOINT WARNING * * *
You barely miss something. Something hits you but does no damage.
You hear some strange, mumbled words.
You are confused.
You closely miss something. Something hits you but does no damage.
You hear some strange, mumbled words.
A puff of flame appears from out of thin air!
The puff of flame hits you!
You die...
Your body crumbles into a pile of gold.

## .# .# #### .# #... .#
####################.## .#
#...${♣................ .#
#.##################.## .# #.#
*,,,,,,,,,#..#.#. .##########o##
*,*******,#....#< .$.....[.....#
*,,* *,##.#>#.
##############***,,******,#..#...
,,,,,,,,,,,,,,,,,,,,,,,,*,#.##.#.
**,,,,,,,,,,,,,,,,,****,*,#.##.#.
,*,*,,,,,,,,,,,,..,* #.#.#..#.#.


There were no monsters in sight!

Vanquished Creatures
  Ijyb (D:2)
  An orc wizard (D:3)
  3 gnolls (D:3)
  4 adders (D:2)
  A worm (D:2)
  2 dart slugs
  3 giant geckos
  4 orcs (D:3)
  4 bats
  6 giant cockroaches
  9 goblins
  6 hobgoblins
  3 jackals (D:3)
  10 kobolds
  A quokka (D:2)
  A ball python (D:1)
  4 giant newts
  6 rats
69 creatures vanquished.

Notes
Turn   | Place    | Note
--------------------------------------------------------------
     0 | D:1      | Chiseanne the Centaur Air Elementalist began the quest for the Orb.
     0 | D:1      | Reached XP level 1. HP: 14/14 MP: 3/3
   369 | D:1      | Reached skill level 1 in Conjurations
   928 | D:1      | Reached XP level 2. HP: 20/20 MP: 0/4
  1917 | D:2      | Reached XP level 3. HP: 26/26 MP: 0/6
  1969 | D:2      | Found a bloodstained altar of Trog.
  2315 | D:2      | Found a stormy altar of Qazlal.
  2485 | D:2      | Found a shadowy altar of Dithmenos.
  2539 | D:2      | Noticed Ijyb
  2553 | D:2      | Killed Ijyb
  2553 | D:2      | Reached XP level 4. HP: 20/33 MP: 1/7
  2675 | D:2      | Learned a level 3 spell: Static Discharge
  2678 | D:2      | Learned a level 2 spell: Repel Missiles
  3523 | D:2      | Found an opulent altar of Gozag.
  3534 | D:2      | Became a worshipper of Gozag Ym Sagoz the Greedy
  3628 | D:3      | Reached XP level 5. HP: 17/38 MP: 0/8
  4137 | D:3      | Killed from afar by an orc wizard

Skill      XL: |  1  2  3  4  5 |
---------------+----------------+-----
Conjurations   | 1 2 |  2.8
Spellcasting   | 2 3 |  3.0
Air Magic      | 3 |  3.7
Dodging        | |  1.3
Stealth        | |  1.2

Action                   |  1- 3 |  4- 6 || total
-------------------------+-------+-------++-------
Melee: Unarmed           |    10 |       ||    10
       Club              |     5 |       ||     5
       Kick              |     9 |    14 ||    23
       Mace              |    38 |    36 ||    74
       Short sword       |       |    48 ||    48
 Cast: Shock             |    77 |    66 ||   143
       Repel Missiles    |       |     1 ||     1
  Use: Scroll            |     5 |     1 ||     6
       Potion            |       |     5 ||     5
  Eat: Chunk             |     6 |     2 ||     8
       Fruit             |       |     3 ||     3
       Pizza             |       |     1 ||     1
       Beef jerky        |       |     1 ||     1
Armor: Robe              |    36 |    65 ||   101
       Skin              |       |     9 ||     9
Dodge: Dodged            |    34 |    52 ||    86
       Deflected         |       |     1 ||     1
